Artillery officer domination

Match 37651827
End
Royal Engineer Section
Selects Australian Defense Battlegroup
Selects Australian Light Infantry Section
Australian Light Infantry Section
Construct Section Command Post
Dingo Light Scout Car
Vickers Machine Gun Team
Infantry Section
Selects 2-pounder Anti-tank Gun Team
2-pounder Anti-tank Gun Team
Construct Platoon Command Post
CMP 15cwt Truck
DebaKLe
Tony Montana
Evelynn
MoronPark-Don Quijote
0
0

Comments sign in to comment!

No comments posted yet!